 Dungeon Crawl Stone Soup version 0.17-a0-157-g289cc6a (webtiles) character file.

81 Ngotmuk the Covered (level 4, -1/42 HPs)
             Began as a Deep Dwarf Fighter on Mar 26, 2015.
             Killed by divine providence
             ... invoked by an orc priest
              (9 damage)
             ... on level 3 of the Dungeon.
             The game lasted 00:04:44 (1785 turns).

Ngotmuk the Covered (Deep Dwarf Fighter)            Turns: 1785, Time: 00:04:44

Health: -1/42      AC: 10    Str: 20    XL:     4   Next: 20%
Magic:  4/4        EV:  5    Int:  9    God:
Gold:   76         SH:  9    Dex: 12    Spells: 0 memorised, 3 levels left

rFire  . . .     SeeInvis .     a - +0 flail
rCold  . . .     Clarity  .     m - +0 chain mail
rNeg   . . .     SustAb   .     c - +0 shield
rPois  .         Gourm    .     j - +0 helmet
rElec  .         Spirit   .     (no cloak)
rCorr  .         Warding  .     (no gloves)
rMut   .         Stasis   .     (no boots)
MR     .....                    (no amulet)
Stlth  ..........               (no ring)
                                o - ring of stealth

@: non-regenerating, not resistant to hostile enchantments, extremely unstealthy
A: damage resistance, recharge devices, sense surroundings 1, slow healing 3
a: Device Recharging


You were on level 3 of the Dungeon.
You were not hungry.

You visited 1 branch of the dungeon, and saw 3 of its levels.

You collected 76 gold pieces.

Inventory:

Hand weapons
 a - a +0 flail (weapon)
Armour
 c - a +0 shield (worn)
 j - a +0 helmet (worn)
 m - a +0 chain mail (worn)
Jewellery
 o - a ring of stealth (left hand)
Magical devices
 d - a wand of heal wounds (4)
Scrolls
 b - a scroll of enchant armour {unknown}
 g - a scroll of teleportation {unknown}
 h - 4 scrolls of remove curse {unknown}
 i - 2 scrolls of immolation {unknown}
 l - 2 scrolls of identify {unknown}
 n - a scroll of amnesia {unknown}
 q - a scroll of fear {unknown}
 r - 2 scrolls of blinking {unknown}
Potions
 e - a potion of might
 k - a potion of curing {unknown}
 p - 3 potions of lignification {unknown}
Comestibles
 f - 2 bread rations


   Skills:
 + Level 3.2 Fighting
 + Level 2.6 Maces & Flails
 + Level 4.0 Armour
 + Level 4.0 Shields


You had 3 spell levels left.
You didn't know any spells.

Dungeon Overview and Level Annotations

Branches:
Dungeon (3/15)

Altars:


Innate Abilities, Weirdness & Mutations

You are resistant to damage.
You can recharge devices by infusing magical energy.
You passively map a small area around you.
You do not heal naturally.


Message History

You hit the orc but do no damage.
The orc is moderately wounded.
The orc priest hits you but does no damage.
The orc wizard gestures wildly while chanting.
The orc wizard flickers and vanishes!
Deactivating autopickup; reactivate with Ctrl-A.
You block the orc's attack.
The orc priest calls upon Beogh to heal the orc.
The orc's wounds heal themselves!
The orc hits you with a war axe of freezing.
The orc freezes you.
Your shield and chain mail prevent you from hitting the orc.
The orc priest mumbles some strange prayers to Beogh against you.
Pain shoots through your body!
* * * LOW HITPOINT WARNING * * *
You block the orc's attack.
You closely miss the orc priest.
The orc priest calls down the wrath of Beogh upon you.
Something smites you!
You die...

* * , * , , , ,, , ,,
, ,, ** , ,# , , *
#####.####.# ,
#o@o........
#.##o....###* , #.#
###### ####.####
#.†.....# *
#.##.##.##* #........#
*...#####..#.....# ..
,
..........###...##....


You could see an orc priest and 2 orcs.

Vanquished Creatures
  Ijyb (D:2)
  2 giant geckos
  4 orcs (D:3)
  2 giant cockroaches
  10 goblins
  6 hobgoblins
  7 kobolds
  10 bats
  4 giant newts
  6 jackals
  4 rats
56 creatures vanquished.

Notes
Turn   | Place    | Note
--------------------------------------------------------------
     0 | D:1      | Ngotmuk, the Deep Dwarf Fighter, began the quest for the Orb.
     0 | D:1      | Reached XP level 1. HP: 20/20 MP: 1/1
   178 | D:1      | Reached XP level 2. HP: 17/27 MP: 2/2
  1092 | D:2      | Reached XP level 3. HP: 15/34 MP: 3/3
  1183 | D:2      | Noticed Ijyb
  1197 | D:2      | Killed Ijyb
  1679 | D:3      | Reached skill level 4 in Armour
  1684 | D:3      | Reached XP level 4. HP: 33/42 MP: 4/4
  1785 | D:3      | Killed from afar by an orc priest

Action                   |  1- 3 |  4- 6 || total
-------------------------+-------+-------++-------
Melee: Flail             |   173 |    46 ||   219
Evoke: Wand              |     1 |       ||     1
  Eat: Pizza             |     1 |       ||     1
       Bread ration      |     1 |       ||     1
